 Dungeon Crawl Stone Soup version 0.31.0-12-g77e489cdc1 (webtiles) character file.

Game seed: 13724714514836554963

10863 spaghetti the Brawler (level 11, -17/81 HPs)
             Began as a Naga Chaos Knight on Feb 25, 2024.
             Was a Plaything of Xom.
             Killed from afar by a raiju (25 damage)
             ... with a living lightning
             ... on level 11 of the Dungeon.
             The game lasted 00:15:37 (9381 turns).

spaghetti the Brawler (Naga Chaos Knight)           Turns: 9381, Time: 00:15:37

Health: -17/81     AC:  5    Str: 29    XL:     11   Next: 68%
Magic:  11/11      EV:  9    Int: 15    God:    Xom [.*....]
Gold:   620        SH:  0    Dex:  8    Spells: 10/10 levels left

rFire   + +          .
                       - Unarmed
rCold   + . .        (no shield)
rNeg    . . .        a - +2 leather armour
rPois   +            (helmet currently unavailable)
rElec   .            p - melded +1 cloak
rCorr   .            (gloves currently unavailable)
SInv    +            (no barding)
Will    +....        J - amulet of magic regeneration
Stlth   +            d - ring of protection from fire
HPRegen 1.13/turn    i - +6 ring of strength
MPRegen 0.52/turn

%: clarity
@: mighty, beast-form, corroded, very slow
A: beast (slay +1), AC +3, large, see invisible, deformed body, poison
resistance, slowness 2, spit poison 1, naga tail 1, antennae 1, iridescent
scales 1, clarity, clever 1, cold resistance 1, fire resistance 1, frail 1,
passive freeze, regeneration 1, strong 1, wild magic 1
a: Spit Poison, Begin Untransformation, Renounce Religion


You were on level 11 of the Dungeon.
You worshipped Xom.
You were a plaything of Xom.
You were a hulking beast.
You visited 1 branch of the dungeon, and saw 11 of its levels.
You also visited: Ossuary.

You collected 620 gold pieces.

Inventory:

Hand Weapons
 v - the +6 shillelagh "Devastator" {shatter}
   (You found it on level 5 of the Dungeon)
 w - a +1 demon blade of venom
Missiles
 h - 5 curare-tipped darts
 M - 2 throwing nets
Armour
 a - a +2 leather armour (worn)
 p - a +1 cloak (melded)
Jewellery
 d - a ring of protection from fire (left hand)
 i - a +6 ring of strength (right hand)
 J - an amulet of magic regeneration (around neck)
 K - a ring of fire
Talismans
 I - a maw talisman
 O - a serpent talisman
 P - a blade talisman
 Q - a beast talisman (active)
Wands
 g - a wand of roots (12)
 D - a wand of flame (21)
 E - a wand of polymorph (7)
 G - a wand of quicksilver (8)
 H - a wand of paralysis (11)
Scrolls
 b - 2 scrolls of butterflies
 c - 2 scrolls of revelation
 f - 2 scrolls of brand weapon
 j - 5 scrolls of fear
 k - 2 scrolls of silence
 n - 7 scrolls of teleportation
 q - 4 scrolls of immolation
 r - a scroll of torment
 t - a scroll of enchant weapon
 y - a scroll of enchant armour
 C - a scroll of identify
 N - a scroll of poison
 R - a scroll of vulnerability
Potions
 e - a potion of cancellation
 l - 4 potions of attraction
 m - a potion of enlightenment
 o - 3 potions of brilliance
 s - 2 potions of mutation
 u - 2 potions of ambrosia
 x - a potion of invisibility
 z - 6 potions of curing
 A - a potion of degeneration
 B - 2 potions of haste
 F - 2 potions of heal wounds


   Skills:
 + Level 3.3 Fighting
 - Level 1.5 Armour
 - Level 0.7 Dodging
 + Level 17.7 Unarmed Combat
 * Level 1.7 Shapeshifting


You had 10 spell levels left.
You didn't know any spells.
Your spell library contained the following spells:

 Spells                   Type           Power      Damage    Failure   Level
 Freeze                   Ice            0%         1d3       38%         1
 Kiss of Death            Conj/Necr      0%         2d5       38%         1
 Slow                     Hex            0%         N/A       38%         1
 Confusing Touch          Hex            0%         N/A       73%         3
 Dazzling Flash           Conj/Hex       0%         N/A       73%         3
 Frozen Ramparts          Ice            0%         1d1       73%         3
 Hailstorm                Conj/Ice       0%         3d5       73%         3
 Sigil of Binding         Hex            0%         N/A       73%         3
 Vampiric Draining        Necr           0%         2d6       73%         3
 Volatile Blastmotes      Fire/Tloc      0%         2d10      73%         3
 Dispel Undead            Necr           0%         3d6       98%         4
 Leda's Liquefaction      Alch/Erth      0%         N/A       98%         4
 Petrify                  Alch/Erth      0%         N/A       98%         4
 Metabolic Englaciation   Hex/Ice        0%         N/A       100%        5
 Summon Forest            Summ/Tloc      0%         N/A       100%        5
 Summon Mana Viper        Hex/Summ       0%         N/A       100%        5
 Starburst                Conj/Fire      0%         6d3       100%        6
 Summon Cactus Giant      Summ           0%         N/A       100%        6
 Maxwell's Capacitive Co  Air            0%         ∞         100%        8


Dungeon Overview and Level Annotations

Branches:
Dungeon (11/15)            Temple (0/1) D:7            Lair (0/5) D:10
    Orc (0/2) D:10        Ossuary (visited)

Altars:
Kikubaaqudgha
Vehumet
Xom

Annotations:
D:4 3 runed translucent doors, jimmypageman's ghost, amateur MiFi
D:9 3 runed translucent doors, Zeo's ghost, journeyman BaHu


Innate Abilities, Weirdness & Mutations

You are a hulking beast.
Your limbs bulge with bestial killing power. (Slay +1)
Your serpentine skin is tough. (AC +3)
You have supernaturally acute eyesight. (SInv)
Armour fits poorly on your strangely shaped body.
Your system is resistant to poisons. (rPois)
You cover ground very slowly.
You can spit poison.
You have a snake-like lower body.
You have a pair of small antennae on your head.
You are partially covered in iridescent scales. (AC +2)
You possess an exceptional clarity of mind.
Your mind is acute. (Int +4, Str/Dex -1)
Your flesh is cold resistant. (rC+)
Your flesh is heat resistant. (rF+)
You are frail. (-10% HP)
A frigid envelope surrounds you and freezes all who hurt you.
Your natural rate of healing is unusually fast.
Your muscles are strong. (Str +4, Int/Dex -1)
Your spells are a little harder to cast, but a little more powerful.


Message History

The manticore is almost dead.
The manticore claws you.
* * * LOW HITPOINT WARNING * * *
The manticore is very cold.
You kill the manticore!
The boulder beetle curls into a ball and begins rolling!
Unknown command.
Aiming: Fastroot
Press: ? - help, Shift-Dir - straight line, f - boulder beetle
Aim: a boulder beetle (rolling)
The roots erupt in riotous growth!
Roots grab the boulder beetle.
Roots grab the cyclops.
The grasping roots constrict the boulder beetle, but do no damage.
The grasping roots constrict the cyclops. "Hum-dee-hum-dee-hum..."
You lose your grip on the raiju.
The boulder beetle evaporates and reforms as a raiju!
You are now a plaything of Xom.
You hear a shout!
You hear a roar!
You hear an angry hiss.
You hear a shout!
You hear two shouts!
You hear a horrible gurgling sound!
Unknown command.
Unknown command.
Unknown command.
Unknown command.
Aiming: Quicksilver Bolt
Press: ? - help, Shift-Dir - straight line, f/p - raiju
Aim: a raiju (57% to hit)
Okay, then.
Aiming: Fastroot
Press: ? - help, Shift-Dir - straight line, f/p - raiju
Aim: a raiju The roots erupt in riotous growth!
Roots grab the raiju.
The cyclops is unaffected.
The grasping roots constrict the raiju.
The grasping roots constrict the cyclops.
You hear a shout!
You hear two shouts!
The raiju bursts into living lightning!
The living lightning hits you!!
You die...
Xom roars with laughter!

##.# .)#
......
#...#..#
#.#.##?#
#.#.##.#
#.#.##.###
#.#.##h†h#
#.#.##.##C.#
#.>....#{ .#
#...##.# .
##>#.##.#.#
##.###....
#.## #..#.
##.###.#.#..
##.#.##.# ##


You could see a cyclops (rooted) and a raiju (rooted).

Vanquished Creatures
  2 two-headed ogres (D:9)
  Pikel (D:7)
  A manticore (D:11)
  Maurice (D:7)
  An ugly thing (D:11)
  Joseph (D:7)
  A kobold demonologist (D:10)
  Maggie (D:7)
  A komodo dragon (D:10)
  A troll (D:9)
  A hornet (D:9)
  Sigmund (D:3)
  A wraith (D:9)
  3 wyverns (D:10)
  A basilisk (D:10)
  A warg (D:10)
  2 steam dragons
  Menkaure (D:4)
  Edmund (D:4)
  A water moccasin (D:8)
  Duvessa (D:4)
  2 black bears (D:5)
  5 orc warriors
  2 ice beasts (D:6)
  2 centaurs
  3 ogres (D:5)
  A kobold brigand (D:8)
  2 bullfrogs
  A gnoll sergeant (D:8)
  12 scorpions
  15 wights
  Dowan (D:4)
  4 killer bees (D:8)
  3 howler monkeys
  2 human zombies (Ossuary)
  A centaur zombie (Ossuary)
  4 hounds
  2 bombardier beetles
  5 jellies
  9 orc priests
  Ijyb (D:3)
  2 scorpion zombies (Ossuary)
  Terence (D:2)
  An iguana (D:4)
  2 sleepcaps
  Natasha (thrice) (D:3)
  9 orc wizards
  3 mummies (Ossuary)
  4 gnolls (D:8)
  8 adders
  A shadow imp (D:6)
  2 white imps
  2 ufetubi (D:5)
  3 adder zombies (Ossuary)
  5 dart slugs
  2 ribbon worms (D:2)
  37 orcs
  7 bats
  3 endoplasms (D:1)
  4 giant cockroaches
  2 gnoll zombies (Ossuary)
  9 goblins
  7 hobgoblins
  5 jackals
  7 kobolds
  2 quokkas (D:4)
  8 ball pythons
  13 frilled lizards
  3 jackal zombies (Ossuary)
  4 orc zombies (Ossuary)
  5 rats
266 creatures vanquished.

Vanquished Creatures (collateral kills)
  A wight (D:6)
  A killer bee (D:8)
  A white imp (D:6)
3 creatures vanquished.

Vanquished Creatures (others)
  A killer bee (D:8)
1 creature vanquished.

Grand Total: 270 creatures vanquished

Notes
Turn   | Place    | Note
-------+----------+-------------------------------------------
     0 | D:1      | spaghetti the Naga Chaos Knight began the quest for the
                  | Orb.
     0 | D:1      | Reached XP level 1. HP: 21/21 MP: 1/1
   101 | D:1      | XOM: divination: magic mapping
   114 | D:1      | Reached XP level 2. HP: 28/28 MP: 2/2
   315 | D:1      | Found a faded altar of an unknown god.
   340 | D:1      | Reached skill level 4 in Unarmed Combat
   490 | D:1      | XOM: silly message
   500 | D:1      | XOM: divination: magic mapping
   517 | D:1      | Reached XP level 3. HP: 31/34 MP: 3/3
   578 | D:1      | XOM: silly message
   628 | D:1      | XOM: divination: detect creatures
  1198 | D:2      | Noticed Terence
  1203 | D:2      | XOM: butterfly on damage
  1206 | D:2      | Killed Terence
  1207 | D:2      | Reached skill level 5 in Unarmed Combat
  1207 | D:2      | Reached XP level 4. HP: 20/42 MP: 4/4
  1265 | D:2      | XOM: silly message
  1395 | D:2      | Identified the +3 scale mail of Card Tricks {+Blink rF++
                  | MP-9 Dex+3}
  1455 | D:2      | XOM: silly message
  1500 | D:2      | XOM: divination: magic mapping
  1633 | D:2      | XOM: silly message
  1684 | D:2      | XOM: silly message
  1887 | D:3      | Reached XP level 5. HP: 49/49 MP: 5/5
  1909 | D:3      | XOM: noise
  2055 | D:3      | Noticed Natasha
  2063 | D:3      | XOM: cast spell 'Fugue of the Fallen'
  2072 | D:3      | Killed Natasha
  2073 | D:3      | Reached skill level 6 in Unarmed Combat
  2184 | D:3      | XOM: divination: detect items
  2222 | D:3      | Noticed Natasha
  2233 | D:3      | Killed Natasha
  2234 | D:3      | Reached XP level 6. HP: 44/56 MP: 6/6
  2260 | D:3      | XOM: divination: detect items
  2315 | D:3      | Noticed Ijyb
  2351 | D:3      | HP: 1/56 [constriction (6)]
  2352 | D:3      | Killed Ijyb
  2389 | D:3      | XOM: divination: detect items
  2469 | D:3      | XOM: divination: magic mapping
  2776 | D:3      | Noticed Sigmund
  2777 | D:3      | Noticed Natasha
  2787 | D:3      | Killed Natasha
  2792 | D:3      | Killed Sigmund
  2793 | D:3      | Reached skill level 7 in Unarmed Combat
  2793 | D:3      | Reached XP level 7. HP: 62/62 MP: 7/7
  3058 | D:4      | XOM: 1-stop teleportation journey
  3114 | D:4      | Noticed Menkaure
  3114 | D:4      | Noticed Edmund
  3126 | D:4      | XOM: divination: magic mapping
  3127 | D:4      | XOM: potion effect (brilliance)
  3130 | D:4      | Killed Menkaure
  3131 | D:4      | Reached skill level 8 in Unarmed Combat
  3151 | D:4      | Killed Edmund
  3162 | D:4      | XOM: god gift: 4 stones
  3375 | D:4      | Reached skill level 9 in Unarmed Combat
  3453 | D:4      | Noticed Dowan
  3456 | D:4      | Noticed Duvessa
  3475 | D:4      | Killed Duvessa
  3476 | D:4      | Reached XP level 8. HP: 34/69 MP: 8/8
  3485 | D:4      | Killed Dowan
  3569 | D:4      | XOM: 1-stop teleportation journey
  3655 | D:4      | XOM: 1-stop teleportation journey
  3728 | D:4      | Found a runed translucent gate.
  3729 | D:4      | Found a runed translucent gate.
  3735 | D:4      | Noticed jimmypageman's ghost (amateur MiFi)
  3736 | D:4      | Found a runed translucent gate.
  3757 | D:4      | XOM: 1-stop teleportation journey
  3849 | D:4      | XOM: 1-stop teleportation journey
  3990 | D:4      | XOM: give mutations
  3990 | D:4      | Gained mutation: Your natural rate of healing is unusually
                  | fast. [Xom's grace]
  3990 | D:4      | Gained mutation: You possess an exceptional clarity of
                  | mind. [Xom's grace]
  3990 | D:4      | Gained mutation: Your flesh is heat resistant. (rF+) [Xom's
                  | grace]
  3990 | D:4      | Gained mutation: Your mind is acute. (Int +4, Str/Dex -1)
                  | [Xom's grace]
  4002 | D:4      | XOM: give mutations
  4002 | D:4      | Gained mutation: Your spells are a little harder to cast,
                  | but a little more powerful. [Xom's grace]
  4002 | D:4      | Gained mutation: You are partially covered in iridescent
                  | scales. (AC +2) [Xom's grace]
  4047 | D:5      | XOM: noise
  4047 | D:5      | Entered Level 5 of the Dungeon
  4095 | D:5      | Found the +6 shillelagh "Devastator" {shatter}
  4105 | D:5      | Reached skill level 10 in Unarmed Combat
  4172 | D:5      | XOM: cast spell 'Disjunction'
  4205 | D:5      | Found a sand-covered staircase.
  4227 | D:5      | XOM: god gift: +1 demon blade of venom
  4231 | Ossuary  | Entered an ossuary
  4239 | Ossuary  | XOM: 5-stop teleportation journey
  4247 | Ossuary  | XOM: cleaving
  4298 | Ossuary  | Reached skill level 11 in Unarmed Combat
  4347 | Ossuary  | Reached XP level 9. HP: 62/75 MP: 9/9
  4403 | Ossuary  | XOM: fog
  4411 | Ossuary  | XOM: divination: detect creatures
  4422 | Ossuary  | XOM: divination: detect creatures
  4530 | Ossuary  | Reached skill level 12 in Unarmed Combat
  4800 | D:5      | XOM: scenery: 1 doors open
  4833 | D:5      | XOM: give mutations
  4833 | D:5      | Gained mutation: Your mind is very acute. (Int +8, Str/Dex
                  | -2) [Xom's grace]
  4833 | D:5      | Gained mutation: Your flesh is cold resistant. (rC+) [Xom's
                  | grace]
  4833 | D:5      | Gained mutation: You have a pair of small antennae on your
                  | head. [Xom's grace]
  4833 | D:5      | Gained mutation: Your muscles are strong. (Str +4, Int/Dex
                  | -1) [Xom's grace]
  4893 | D:5      | Found an ancient bone altar of Kikubaaqudgha.
  5247 | D:6      | Reached skill level 13 in Unarmed Combat
  5368 | D:6      | XOM: fog
  5417 | D:6      | XOM: draining
  5425 | D:6      | XOM: scenery: summon butterflies
  5634 | D:7      | Found a staircase to the Ecumenical Temple.
  5648 | D:7      | XOM: cleaving
  5769 | D:7      | Reached XP level 10. HP: 75/82 MP: 10/10
  5781 | D:7      | XOM: god gift: potion of heal wounds
  5904 | D:7      | Noticed Maurice
  5904 | D:7      | XOM: enchant monster (good)
  5927 | D:7      | Killed Maurice
  5928 | D:7      | Reached skill level 14 in Unarmed Combat
  6085 | D:7      | XOM: divination: magic mapping
  6141 | D:7      | Noticed Pikel
  6149 | D:7      | Killed Pikel
  6169 | D:7      | Noticed Joseph
  6179 | D:7      | Killed Joseph
  6180 | D:7      | Reached skill level 15 in Unarmed Combat
  6291 | D:7      | Noticed Maggie
  6296 | D:7      | Killed Maggie
  6380 | D:7      | Identified the +1 dagger "Qiedoceh" {flame, *Corrode Int+5}
  6594 | D:8      | XOM: enchant monster (good)
  6634 | D:8      | Identified the +1 leather armour of Ruboll {-Tele Str+3}
  6657 | D:8      | XOM: enchant monster (good)
  6958 | D:8      | Found a radiant altar of Vehumet.
  6969 | D:8      | XOM: divination: detect creatures
  7206 | D:8      | XOM: give mutations
  7206 | D:8      | Gained mutation: A frigid envelope surrounds you and
                  | freezes all who hurt you. [Xom's mischief]
  7206 | D:8      | Lost mutation: Your mind is very acute. (Int +8, Str/Dex
                  | -2) [Xom's mischief]
  7217 | D:8      | Reached skill level 16 in Unarmed Combat
  7265 | D:8      | XOM: divination: detect creatures
  7372 | D:9      | XOM: noise
  7415 | D:9      | Noticed a two-headed ogre
  7419 | D:9      | Killed a two-headed ogre
  7420 | D:9      | Reached XP level 11. HP: 50/90 MP: 11/11
  7424 | D:9      | XOM: noise
  7427 | D:9      | XOM: confuse monster(s)
  7461 | D:9      | Noticed a two-headed ogre
  7462 | D:9      | XOM: summons friendly iron imp
  7467 | D:9      | Killed a two-headed ogre
  7613 | D:9      | XOM: smoke on damage
  7621 | D:9      | Reached skill level 17 in Unarmed Combat
  7793 | D:9      | XOM: cloud trail
  7794 | D:9      | Found a runed translucent gate.
  7795 | D:9      | Found a runed translucent gate.
  7796 | D:9      | Found a runed translucent gate.
  7796 | D:9      | Noticed Zeo's ghost (journeyman BaHu)
  8102 | D:10     | Entered Level 10 of the Dungeon
  8194 | D:10     | XOM: cloud trail
  8226 | D:10     | Found a staircase to the Orcish Mines.
  8251 | D:10     | XOM: smoke on damage
  8310 | D:10     | XOM: 2-stop teleportation journey
  8539 | D:10     | Found a staircase to the Lair.
  8660 | D:10     | XOM is BORED!
  8660 | D:10     | XOM: give mutation
  8660 | D:10     | Gained mutation: You are frail. (-10% HP) [Xom's mischief]
  8708 | D:10     | XOM: blink monster(s)
  8830 | D:10     | XOM: silly message
  8835 | D:10     | XOM: scenery: create altars
  9368 | D:11     | Noticed a brown ugly thing
  9368 | D:11     | Noticed a boulder beetle
  9371 | D:11     | Noticed a manticore
  9371 | D:11     | Noticed a cyclops
  9375 | D:11     | Killed a brown ugly thing
  9376 | D:11     | Reached skill level 1 in Shapeshifting
  9379 | D:11     | Killed a manticore
  9380 | D:11     | a boulder beetle changed into a raiju
  9380 | D:11     | XOM: polymorph boulder beetle -> raiju
  9381 | D:11     | Killed from afar by a raiju

Illustrated notes

Levels and vault maps discovered:
D:1:      dpeg_arrival_more_subterranean_lakeside_camping, layout_basic,
          hellmonk_ecumenical_altar_inner_sanctum, hex_intersection,
          minmay_lizard_king
D:2:      layout_basic, minivault_25, uniq_terence
D:3:      layout_loops_cross, gup_sewer_entry_bowl, uniq_ijyb, uniq_natasha,
          uniq_sigmund
D:4:      layout_rooms, gammafunk_ghost_nasty_kobolds, uniq_edmund,
          uniq_menkaure, uniq_duvessa
D:5:      layout_basic, mainiacjoe_overflow_six_doors_small,
          lightli_ossuary_entry_decrepit_ruins, nrook_mini_backslash,
          dilly_guarded_unrand_devastator
D:6:      layout_rooms
D:7:      layout_gridville, temple_doors_ab, grunt_ministairs_11, uniq_maurice,
          uniq_joseph, uniq_pikel, uniq_maggie
D:8:      layout_loops_ring, vehumet_altar_wand_db
D:9:      layout_basic, ebering_ghost_rock_garden, grunt_decor_arrowhead
D:10:     layout_roguey, erik_lair_dragon, david_orc_1_choice
D:11:     minmay_the_grid_square_5x5_5x5_mashed
          [minmay_the_grid_square_5x5_shrine2,
          minmay_the_grid_square_5x5_beaten_path,
          minmay_the_grid_square_5x5_checkered_sparse,
          minmay_the_grid_square_5x5_n_small, minmay_the_grid_square_5x5_bridge,
          minmay_the_grid_square_5x5_two_walls_b,
          minmay_the_grid_square_5x5_prize_snowflake,
          minmay_the_grid_square_5x5_gyroscope,
          minmay_the_grid_square_5x5_prize_pseudospiral,
          minmay_the_grid_square_5x5_bite,
          minmay_the_grid_square_5x5_two_walls_a,
          minmay_the_grid_square_5x5_comb,
          minmay_the_grid_square_5x5_prize_waves,
          minmay_the_grid_square_5x5_sharp_hourglass,
          minmay_the_grid_square_5x5_shrine1,
          minmay_the_grid_square_5x5_tetrominoes,
          minmay_the_grid_square_5x5_prize_rear_guard,
          minmay_the_grid_square_5x5_spiral,
          minmay_the_grid_square_5x5_prize_junk,
          minmay_the_grid_square_5x5_minibox,
          minmay_the_grid_square_5x5_tri_point,
          minmay_the_grid_square_5x5_three,
          minmay_the_grid_square_5x5_checkered_statues,
          minmay_the_grid_square_5x5_misaligned,
          minmay_the_grid_square_5x5_moneybag], layout_loops_ring,
          portal_ice_cave_entry_imps, moated_statue

Skill      XL: |  1  2  3  4  5  6  7  8  9 10 11 |
---------------+----------------------------------+-----
Unarmed Combat | 4 5 6 7 9 11 13 16 17 | 17.7
Shapeshifting  | 1 |  1.7
Fighting       | |  3.3
Armour         | |  1.5
Dodging        | |  0.7

Action                     |  1- 3 |  4- 6 |  7- 9 | 10-12 || total
---------------------------+-------+-------+-------+-------++-------
  Melee: Unarmed           |   101 |   112 |   287 |   247 ||   747
         Punch             |     3 |     5 |    16 |    21 ||    45
Ability: Spit Poison       |    26 |    27 |    42 |    36 ||   131
  Evoke: Wand              |       |       |       |     2 ||     2
    Use: Potion            |       |     3 |     2 |     3 ||     8
         Scroll            |       |       |    16 |     7 ||    23
   Stab: Paralysed         |       |       |       |     1 ||     1
 Armour: Leather armour    |    64 |    66 |   246 |   146 ||   522
  Dodge: Dodged            |    41 |    56 |   115 |   103 ||   315
   Form: Beast             |       |       |       |     1 ||     1
